 Dungeon Crawl Stone Soup version 0.22-a0-358-g7563fe7 (webtiles) character file.

14 Amnesiac the Grave Robber (level 2, 0/20 HPs)
             Began as a Mummy Necromancer on Apr 18, 2018.
             Slain by a goblin (3 damage)
             ... led by Robin
             ... on level 3 of the Dungeon.
             The game lasted 00:01:01 (406 turns).

Amnesiac the Grave Robber (Mummy Necromancer)        Turns: 406, Time: 00:01:01

Health: 0/20       AC:  2    Str: 11    XL:     2   Next: 31%
Magic:  3/6        EV: 12    Int: 14    God:
Gold:   29         SH:  0    Dex: 12    Spells: 6/7 levels left

rFire    x . .     SeeInvis .   (no weapon)
rCold    + . .     Gourm    .   (no shield)
rNeg     + + +     Faith    .   a - +0 robe
rPois    ∞         Spirit   .   (no helmet)
rElec    .         Reflect  .   (no cloak)
rCorr    .         Harm     .   (no gloves)
MR       .....                  (no boots)
Stlth    +.........             (no amulet)
HPRegen  0.06/turn              c - ring of loudness (curse)
MPRegen  0.10/turn              (no ring)

@: no status effects
A: no food or potions, fire vulnerability, cold resistance 1, negative energy
resistance 3, torment resistance, unbreathing
a: no special abilities


You were on level 3 of the Dungeon.
You were not hungry.

You visited 1 branch of the dungeon, and saw 3 of its levels.

You collected 29 gold pieces.

Inventory:

Armour
 a - a +0 robe (worn)
Jewellery
 c - a cursed ring of loudness (left hand)


   Skills:
 + Level 0.5 Fighting
 * Level 1.9 Dodging
 - Level 1.5 Stealth
 + Level 3.0 Spellcasting
 * Level 4.2 Necromancy


You had 6 spell levels left.
You knew the following spells:

 Your Spells              Type           Power        Failure   Level  Hunger
a - Pain                  Necr           ##..         3%          1    N/A

Dungeon Overview and Level Annotations

Branches:
Dungeon (3/15)

Altars:

Annotations:
D:3 Robin, Sigmund


Innate Abilities, Weirdness & Mutations

You do not eat or drink.
Your flesh is vulnerable to fire.
You are immune to poison.
Your flesh is cold resistant. (rC+)
You are immune to negative energy. (rN+++)
You are immune to unholy pain and torment.
You can survive without breathing.


Message History

The goblin shouts!
You hear a bark!
The giant cockroach misses you. 2 goblins and Robin come into view.
The goblin shouts!
You hear a shout!
The goblin moves out of view.
Robin throws the goblin at you! The goblin closely misses you.
A jackal and a goblin come into view.
The goblin shouts!
You hit the goblin.
The goblin is moderately wounded.
The giant cockroach barely misses you. The goblin hits you but does no damage.
A jackal and a goblin come into view.
You hit the goblin but do no damage.
The goblin is moderately wounded.
The giant cockroach closely misses you.
The goblin moves out of view.
The goblin hits you but does no damage. The giant cockroach bites you.
A goblin and a kobold come into view.
Robin throws the goblin at you! The goblin closely misses you.
The goblin hits you but does no damage.
A goblin comes into view.
The giant cockroach closely misses you.
Your magical contamination has completely faded away.
Found a sedimented emerald potion.
The orc wizard mumbles some strange words.
The orc wizard flickers and vanishes! 2 goblins and a hobgoblin come into view.
A goblin is wielding a dagger of flaming.
The hobgoblin shouts!
The goblin shouts! x2; You hear a bark!
You hear a shout!
The goblin moves out of view.
A jackal comes into view.
The kobold shouts!
The jackal barks!
Robin throws the goblin at you!
Found a scroll labeled EDDUCI ERUMERCH.
A hobgoblin comes into view. It is wielding a club.
The hobgoblin shouts!
You hit the goblin.
The goblin is severely wounded.
The goblin hits you. The goblin hits you but does no damage.
The goblin closely misses you. Robin throws the goblin at you!
The kobold closely misses you. The goblin hits you.
* * * LOW HITPOINT WARNING * * *
You barely miss the goblin.
The goblin is severely wounded.
The goblin completely misses you. The goblin hits you.
* * * LOW HITPOINT WARNING * * *
The goblin completely misses you.
Sigmund casts a spell.
Sigmund flickers and vanishes!
The goblin barely misses you. The kobold barely misses you.
The goblin barely misses you.
You aren't carrying any scrolls.
You barely miss the goblin. The goblin barely misses you.
The goblin hits you but does no damage. The goblin hits you.
* * * LOW HITPOINT WARNING * * *
The goblin closely misses you. The kobold barely misses you.
The goblin misses you.
Casting: Pain (safe; 3% risk of failure)
Confirm with . or Enter, or press ? or * to list all spells.
Aiming: Pain (safe; 3% risk of failure)
Press: ? - help, Shift-Dir - straight line, f - goblin, p - orc
Aim: a goblin (chance to defeat MR: 83%)
The goblin writhes in agony!
The goblin hits you.
* * * LOW HITPOINT WARNING * * *
The goblin hits you.
You die...

.... ...... .... ..##..
. ... # .... .. ...###
####### ?.. ##. ...###
#....#. ....###..
....###......
...!.#.####.#..##.....#
#.gggsg.o..!......##
###@#####...........
.....gggKgKl..........##
.....gghggKg#.####....#
.......hh..(..####....##
#.####..##..<.##........
. ............###..##
....######..##..##
..>....l........#### .
................


You could see Robin, an orc, a leopard gecko, 3 jackals, a giant cockroach, 3
hobgoblins, 9 goblins and 3 kobolds.

Vanquished Creatures
  An orc (D:3)
  2 goblins
  2 hobgoblins (D:1)
  3 kobolds
  A bat (D:1)
  A frilled lizard (D:1)
  3 rats
13 creatures vanquished.

Notes
Turn   | Place    | Note
-------+----------+-------------------------------------------
     0 | D:1      | Amnesiac the Mummy Necromancer began the quest for the Orb.
     0 | D:1      | Reached XP level 1. HP: 13/13 MP: 4/4
   212 | D:1      | Reached XP level 2. HP: 20/20 MP: 1/5
   391 | D:3      | Noticed Sigmund
   392 | D:3      | Noticed Robin
   406 | D:3      | Slain by a goblin

Vault maps used:
D:1:      co_arrival_random_square_maze
D:2:      lemuel_round_altar, lemuel_coloured_pillars_altar, first_ration
D:3:      zin_purify, uniq_sigmund, uniq_robin, uniq_crazy_yiuf_cottage

Skill      XL: |  1  2 |
---------------+-------+-----
Spellcasting   | 3 |  3.0
Fighting       | |  0.5
Dodging        | |  1.9
Stealth        | |  1.5
Necromancy     | |  4.2

Action                   || total
-------------------------++-------
Melee: Unarmed           ||    11
 Cast: Pain              ||    26
  Use: Scroll            ||     1
Armor: Robe              ||     9
Dodge: Dodged            ||    28

Table legend:
 A = Spawn XP
 B = Non-spawn XP
 C = Spawn XP percentage of total XP
 D = Spawn monster count
 E = Non-spawn monster count
 F = Spawn count percentage of total count
 G = Total turns spent on level
                    A         B        C        D         E        F      G
               +---------+---------+-------+---------+---------+-------+---------
         Total |       0 |      21 |   0.0 |       0 |      13 |   0.0 |   406
               +---------+---------+-------+---------+---------+-------+---------
           D:1 |       0 |      14 |   0.0 |       0 |       9 |   0.0 |   304
           D:2 |       0 |       2 |   0.0 |       0 |       1 |   0.0 |     8
           D:3 |       0 |       5 |   0.0 |       0 |       3 |   0.0 |    94
               +---------+---------+-------+---------+---------+-------+---------
